 Dungeon Crawl Stone Soup version 0.26-a0-812-g31a745ddcd (webtiles) character file.

Game seed: 8034688812530539936

772 marklar909 the Firebug (level 7, -17/51 HPs)
             Began as a Pale Draconian Fire Elementalist on Nov 13, 2020.
             Killed from afar by an adder (42 damage)
             ... with an exploding inner flame
             ... hexed by the player character
             ... on level 6 of the Dungeon.
             The game lasted 00:07:51 (7269 turns).

marklar909 the Firebug (DrFE)                       Turns: 7269, Time: 00:07:52

Health: -17/51     AC:  6    Str: 10    XL:     7   Next: 53%
Magic:  10/13      EV: 12    Int: 17    God:
Gold:   199        SH:  0    Dex: 12    Spells: 10/14 levels left

rFire    . . .     SeeInvis .   o - +0 whip (venom)
rCold    . . .     Faith    .   (no shield)
rNeg     . . .     Spirit   .   (armour unavailable)
rPois    .         Reflect  .   (helmet restricted)
rElec    .         Harm     .   (no cloak)
rCorr    .         Rampage  .   (no gloves)
MR       .....                  (no boots)
Stlth    ++........             (no amulet)
HPRegen  0.17/turn              (no ring)
MPRegen  0.13/turn              (no ring)

@: lethally poisoned (-17 -> -21)
A: breathe steam, unfitting armour, cold-blooded, AC +6
a: Breathe Steam


You were on level 6 of the Dungeon.
You visited 1 branch of the dungeon, and saw 6 of its levels.

You collected 199 gold pieces.

Inventory:

Hand Weapons
 o - a +0 whip of venom (weapon)
Jewellery
 n - a +4 ring of evasion {unknown}
 q - an uncursed ring of flight {unknown}
 r - a +4 ring of protection {unknown}
Scrolls
 a - a scroll of amnesia {unknown}
 b - 3 scrolls of remove curse {unknown}
 c - 2 scrolls of blinking
 d - 5 scrolls of identify
 f - a scroll of random uselessness {unknown}
 g - a scroll of magic mapping {unknown}
 l - a scroll of fear {unknown}
 p - 2 scrolls of teleportation {unknown}
Potions
 e - a potion of degeneration {unknown}
 h - a potion of magic {unknown}
 i - 2 potions of mutation
 j - 2 potions of curing {unknown}
 k - a potion of might {unknown}
 m - a potion of berserk rage {unknown}


   Skills:
 + Level 0.6 Fighting
 + Level 0.9 Maces & Flails
 + Level 2.2 Dodging
 + Level 2.9 Stealth
 + Level 0.1 Unarmed Combat
 + Level 4.4 Spellcasting
 + Level 3.9 Conjurations
 + Level 0.6 Hexes
 + Level 6.2 Fire Magic


You had 10 spell levels left.
You knew the following spells:

 Your Spells              Type           Power        Failure   Level
a - Foxfire               Conj/Fire      ###.         1%          1
b - Inner Flame           Hex/Fire       ###.....     11%         3

Your spell library contained the following spells:

 Spells                   Type           Power        Failure   Level
 Magic Dart               Conj           ###.         3%          1
 Conjure Flame            Conj/Fire      ###.....     5%          3
 Slow                     Hex            #.......     19%         2
 Sticky Flame             Conj/Fire      ###.....     19%         4
 Blink                    Tloc           N/A          22%         2
 Call Imp                 Summ           #.......     22%         2
 Mephitic Cloud           Conj/Pois/Air  #.......     26%         3
 Fireball                 Conj/Fire      ###.......   45%         5


Dungeon Overview and Level Annotations

Branches:
Dungeon (5/15)
 Temple: D:4-7

Altars:
Cheibriados
Kikubaaqudgha
Wu Jian
Yredelemnul
The Shining One

Annotations:
D:4 1 runed translucent door, SolusNox's ghost, novice TrMo
D:5 Dowan; Duvessa


Innate Abilities, Weirdness & Mutations

You can breathe blasts of scalding, opaque steam.
Your pale cyan-grey scales are hard. (AC +6)
You cannot fit into any form of body armour.
You are cold-blooded and may be slowed by cold attacks.


Message History

The bullfrog releases a deep croak.
You hit the adder but do no damage.
You feel sick. The adder completely misses you. The adder bites you.
You are more poisoned.
The adder poisons you!
You hit the adder.
The adder is poisoned.
The adder is moderately wounded.
You feel sick. The adder bites you but does no damage.
Casting: Inner Flame (dangerous; 11% risk of failure)
Confirm with . or Enter, or press ? or * to list all spells.
Aiming: Inner Flame (dangerous; 11% risk of failure)
Press: ? - help, Shift-Dir - straight line, f - adder
Aim: an adder (heavily wounded, very poisoned, chance to defeat MR: 77%)
The adder is filled with an inner flame.
You feel sick.
Flame seeps out of the adder.
The adder is engulfed in blazing flames.
The adder explodes!
The fiery explosion engulfs you!!!
Ouch! That really hurt!
You die...

... ... ... #.# #.#
#.# #.# # . #@# .#
..s #○#######..#..
.....#h##..........
.......F..F.........
......#######.......
...... ....... .....
....... #####
....... .......


You could see a bullfrog and a hound.

Vanquished Creatures
  A sky beast (D:4)
  A phantom (D:4)
  An ogre (D:4)
  A howler monkey (D:5)
  A hound (D:4)
  3 orc priests
  4 orc wizards
  4 worker ants (D:4)
  4 adders
  A howler monkey skeleton (D:4)
  A white imp (D:5)
  An adder skeleton (D:4)
  A worm (D:3)
  3 dart slugs
  3 leopard geckos
  13 orcs
  3 ball pythons
  8 giant cockroaches
  9 goblins
  6 hobgoblins
  2 quokkas
  4 bats
  2 frilled lizards
  5 kobolds
  A leopard gecko skeleton (D:4)
  7 rats
90 creatures vanquished.

Vanquished Creatures (others)
  401 foxfires
  4 toadstools (D:1)
405 creatures vanquished.

Grand Total: 495 creatures vanquished

Notes
Turn   | Place    | Note
-------+----------+-------------------------------------------
     0 | D:1      | marklar909 the Draconian Fire Elementalist began the quest
                  | for the Orb.
     0 | D:1      | Reached XP level 1. HP: 14/14 MP: 3/3
   420 | D:1      | Reached XP level 2. HP: 18/20 MP: 0/5
  1717 | D:2      | Reached XP level 3. HP: 26/26 MP: 1/6
  2245 | D:2      | Reached XP level 4. HP: 13/33 MP: 1/8
  2432 | D:2      | Found a basalt altar of Yredelemnul.
  2558 | D:2      | Reached skill level 4 in Fire Magic
  3476 | D:3      | HP: 1/33 [orc priest/divine providence (11)]
  3776 | D:3      | Reached XP level 5. HP: 28/38 MP: 5/9
  4872 | D:4      | Noticed an ogre
  4890 | D:4      | Killed an ogre
  4890 | D:4      | Reached XP level 6. HP: 46/46 MP: 6/11
  4962 | D:4      | Found a runed translucent door.
  4963 | D:4      | Noticed SolusNox's ghost (novice TrMo)
  5013 | D:4      | Reached skill level 5 in Fire Magic
  5206 | D:4      | Learned a level 3 spell: Inner Flame
  5488 | D:4      | Your scales start taking on a pale cyan-grey colour.
  5488 | D:4      | Reached XP level 7. HP: 51/51 MP: 0/13
  6239 | D:5      | Entered Level 5 of the Dungeon
  6679 | D:4      | Reached skill level 6 in Fire Magic
  6892 | D:5      | Noticed Dowan
  6894 | D:5      | Noticed Duvessa
  7150 | D:5      | Found an ornate altar of the Wu Jian Council.
  7150 | D:5      | Found a glowing golden altar of the Shining One.
  7150 | D:5      | Found a snail-covered altar of Cheibriados.
  7157 | D:5      | Found an ancient bone altar of Kikubaaqudgha.
  7157 | D:5      | You fall into a shaft and drop 1 floor!
  7269 | D:6      | Killed from afar by an adder

Illustrated notes

Levels and vault maps discovered:
D:1:      ldierk_water_garden, layout_basic
D:2:      layout_basic, old_standard_altar
D:3:      layout_basic, serial_co_window_serial, co_window_paths_b,
          co_window_paths_b, co_window_of_opportunity_a, co_window_paths_a,
          co_window_paths_b, co_window_unsneaky_path_a, co_window_broadway_c,
          co_window_corner_b, co_window_paths_c, co_window_cross_2,
          co_window_broadway_c, co_window_corner_ca, glass_columns_b,
          glass_columns_a, glass_columns_a, gup_sewer_entry_bubbles
D:4:      layout_cave_pods, hellmonk_ghost_happy_afterlife
D:5:      layout_rooms, chequers_temple_overflow_statue_of_worship, hex_tiny,
          uniq_menkaure, uniq_duvessa, uniq_blork_the_orc
D:6:      layout_basic, minmay_temple_entry_antechambers, serial_shops, shop

Skill      XL: |  1  2  3  4  5  6  7 |
---------------+----------------------+-----
Stealth        | 2 |  2.9
Spellcasting   | 3 4 |  4.4
Fire Magic     | 4 5 6 |  6.2
Conjurations   | 2 3 |  3.9
Dodging        | 2 |  2.2
Fighting       | |  0.6
Maces & Flails | |  0.9
Unarmed Combat | |  0.1
Hexes          | |  0.6

Action                   |  1- 3 |  4- 6 |  7- 9 || total
-------------------------+-------+-------+-------++-------
Melee: Unarmed           |    17 |       |       ||    17
       Tailslap          |     1 |     3 |       ||     4
       Whip              |       |    36 |    13 ||    49
       Flail             |       |     1 |       ||     1
 Cast: Foxfire           |   106 |   127 |    28 ||   261
       Inner Flame       |       |     6 |    10 ||    16
 Abil: Breathe Steam     |       |       |     1 ||     1
  Use: Scroll            |       |     2 |       ||     2
Armor: Skin              |     2 |    17 |    12 ||    31
Dodge: Dodged            |    18 |    32 |    23 ||    73

Table legend: (Time is in decaauts)
 A = Elapsed time spent in this place.
 B = Non-inter-level travel time spent in this place.
 C = Inter-level travel time spent in this place.
 D = Time resting spent in this place.
 E = Time spent auto-exploring this place.
 F = Levels seen in this place.
 G = Mean time per level.
                   A        B        C        D        E       F      G
               +--------+--------+--------+--------+--------+-----+--------+
         Total |   7311 |   7076 |    235 |   1396 |   4853 |   6 | 1218.5 |
       Dungeon |   7311 |   7076 |    235 |   1396 |   4853 |   6 | 1218.5 |
               +--------+--------+--------+--------+--------+-----+--------+

Top non-repeatable levels by time:
     D:4: 2290 daAuts
     D:2: 1706 daAuts
     D:3: 1576 daAuts
     D:1: 1566 daAuts
     D:6: 112 daAuts
     D:5: 59 daAuts
